 Dungeon Crawl Stone Soup version 0.30-a0-385-gfebfb9b408 (webtiles) character file.

Game seed: 13979072180326864035

42 flotson the Sneak (level 3, 0/29 HPs)
             Began as a Demonspawn Delver on Dec 3, 2022.
             Slain by an adder (4 damage)
             ... in a sewer.
             The game lasted 00:02:25 (514 turns).

flotson the Sneak (Demonspawn Delver)                Turns: 514, Time: 00:02:26

Health: 0/29       AC:  4    Str: 14    XL:     3   Next: 33%
Magic:  3/3        EV: 12    Int: 11    God:
Gold:   0          SH:  0    Dex: 14    Spells: 2/2 levels left

rFire   . . .      SeeInvis .    a - +0 spear
rCold   . . .      Faith    .    (no shield)
rNeg    . . .      Spirit   .    b - +1 leather armour
rPois   .          Reflect  .    (helmet restricted)
rElec   .          Harm     .    (no cloak)
rCorr   .          Rampage  .    (no gloves)
Will    .....                    (no boots)
Stlth   +.........               (no amulet)
HPRegen 0.24/turn                (no ring)
MPRegen 0.08/turn                (no ring)

@: silenced, flying
A: horns 1, ignite blood 1
a: no special abilities


You were in a sewer.
You visited 1 branch of the dungeon, and saw 2 of its levels.
You also visited: Sewer.

Inventory:

Hand Weapons
 a - a +0 spear (weapon)
Armour
 b - a +1 leather armour (worn)
Jewellery
 h - an amulet of faith
Wands
 g - a wand of digging (3)
Scrolls
 c - a scroll of fog
 f - a scroll of enchant armour
 i - a scroll of identify {unknown}
 j - a scroll of vulnerability {unknown}
Potions
 k - 5 potions of flight


   Skills:
 + Level 3.4 Fighting
 - Level 1.7 Polearms
 + Level 1.2 Armour
 + Level 2.2 Dodging
 - Level 4.5 Stealth
 + Level 1.2 Evocations


You had 2 spell levels left.
You didn't know any spells.
Your spell library was empty.

Dungeon Overview and Level Annotations

Branches:
Dungeon (5/15)              Sewer (1/1)
 Temple: D:4-7

Altars:

Annotations:
D:5 Ijyb


Innate Abilities, Weirdness & Mutations

You have a pair of small horns on your head.
Your demonic aura sometimes causes spilled blood to erupt in flames.


Message History

The adder is almost dead.
You feel sick. The adder barely misses you. The adder bites you.
You are more poisoned.
The adder poisons you!
Unknown command.
You are too injured to fight recklessly!
Unknown command.
You are too injured to fight recklessly!
Unknown command.
You are too injured to fight recklessly!
Okay, then.
As you read the scroll of fear, it crumbles to dust.
You assume a fearsome visage.
The adder looks frightened! x2; You feel sick.
You feel sick.
Cornered, the adder turns to fight!
You feel sick.
As you read the scroll labelled ODWEPT ANEG, it crumbles to dust.
It is a scroll of enchant armour.
Your +0 leather armour glows green for a moment.
You feel sick.
Cornered, the adder turns to fight!
You hit the adder but do no damage.
You feel sick. The adder bites you.
* * * LOW HITPOINT WARNING * * *
You feel sick. The adder bites you but does no damage.
As you read the scroll labelled ANEOFAUPLI, it crumbles to dust.
A profound silence engulfs you.
It was a scroll of silence.
You feel sick.
You are no longer poisoned.
The adder closely misses you.
Magic scrolls do not work when you're silenced!
Okay, then.
You feel very buoyant.
You fly up into the air.
The adder bites you but does no damage.
Reach: a) +0 spear
Press: ? - help, Dir - move target, f - adder
Aim: an adder (silenced, almost dead, about 56% to evade your +0 spear)
Okay, then.
The adder misses you. The adder barely misses you.
The adder bites you but does no damage. The adder misses you.
The adder attacks as you move away! The adder closely misses you.
The adder bites you.
You die...

≈≈≈≈≈..†~≈≈≈~~~~.
###..~.~.~≈~#
###.~...~##~≈~#
#.....~####.≈.#####
##..†.### #~≈~~~~.~
#.......####†≈.≈≈≈≈≈
##........##~≈~~~~~~
###.....###~≈~#####
####### #@≈~# #SS~#
#~≈~#####++#####+
#.~~~~.~.........
#.~~~~~..........
#~≈~#####''#####+ #†≈~#
.†..# #~≈~# ######
#######~≈~##############


You could see 2 adders.

Vanquished Creatures
  An adder (Sewer)
  6 ball pythons (Sewer)
  A bat (Sewer)
  An endoplasm (Sewer)
  10 giant cockroaches
  6 quokkas
25 creatures vanquished.

Notes
Turn   | Place    | Note
-------+----------+-------------------------------------------
     0 | D:5      | flotson the Demonspawn Delver began the quest for the Orb.
     0 | D:5      | Reached XP level 1. HP: 18/18 MP: 1/1
    30 | D:5      | Noticed Ijyb
    65 | D:5      | Noticed an orc priest
    76 | D:5      | Noticed a necrophage
   134 | D:4      | Found a glowing drain.
   163 | D:4      | Gained mutation: Your demonic aura sometimes causes spilled
                  | blood to erupt in flames. [demonic ancestry]
   163 | D:4      | Reached XP level 2. HP: 18/24 MP: 2/2
   206 | Sewer    | Entered a sewer
   241 | Sewer    | Reached skill level 1 in Evocations
   391 | Sewer    | Reached skill level 1 in Armour
   434 | Sewer    | Gained mutation: You have a pair of small horns on your
                  | head. [demonic ancestry]
   434 | Sewer    | Reached XP level 3. HP: 29/29 MP: 3/3
   514 | Sewer    | Slain by an adder

Illustrated notes

Levels and vault maps discovered:
D:4:      layout_basic, minmay_temple_entry_stoned_glass, gup_sewer_entry_pipe,
          serial_co_window_serial, co_window_of_opportunity_a,
          co_window_paths_a, co_window_corner_a, co_window_paths_b,
          co_window_paths_a, co_window_corner_a, co_window_of_opportunity_a,
          co_window_paths_c, co_window_corner_cb, co_window_paths_c,
          co_window_unsneaky_path_e, co_window_2corner,
          co_window_unsneaky_path_a, co_window_corner_ca,
          chequers_serial_rivers_micro_c, uniq_natasha
D:5:      layout_cave_pods, uniq_ijyb
Sewer:    sewer_fruit_machine

Skill      XL: |  1  2 |
---------------+-------+-----
Dodging        | 2 |  2.2
Evocations     | 1 |  1.2
Armour         | 1 |  1.2
Fighting       | |  3.4
Polearms       | |  1.7
Stealth        | |  4.5

Action                   || total
-------------------------++-------
Melee: Spear             ||   172
       Headbutt          ||     2
  Use: Scroll            ||     4
       Potion            ||     2
 Stab: Sleeping          ||     3
Armor: Leather armour    ||    29
Dodge: Dodged            ||    89

Table legend: (Time is in decaauts)
 A = Elapsed time spent in this place.
 B = Non-inter-level travel time spent in this place.
 C = Inter-level travel time spent in this place.
 D = Time resting spent in this place.
 E = Time spent auto-exploring this place.
 F = Levels seen in this place.
 G = Mean time per level.
                   A        B        C        D        E       F      G
               +--------+--------+--------+--------+--------+-----+--------+
         Total |    553 |    553 |      0 |     16 |    211 |   3 |  184.3 |
       Dungeon |    193 |    193 |      0 |     16 |     30 |   2 |   96.5 |
         Sewer |    359 |    359 |      0 |      0 |    181 |   1 |  359.0 |
               +--------+--------+--------+--------+--------+-----+--------+

Top non-repeatable levels by time:
   Sewer: 359 daAuts
     D:5: 99 daAuts
     D:4: 94 daAuts
